[Event "CZE-ch Amateurs 2022"]
[Site "Luhacovice"]
[Date "2022.03.13"]
[Round "2.2"]
[White "Vlachopulos, Georgis"]
[Black "Jun, Rudolf"]
[Result "0-1"]
[ECO "D00"]
[WhiteElo "1898"]
[BlackElo "2215"]
[Annotator "ChessBase"]
[PlyCount "53"]
[EventDate "2022.03.12"]
[EventType "swiss"]
[EventCountry "CZE"]
[SourceTitle "playchess.com"]
[Source "ChessBase"]
[SourceQuality "1"]
[TimeControl "5400+30"]

1. d4 Nf6 2. Bf4 g6 3. Nc3 d5 4. Nf3 Bg7 5. Qd2 O-O 6. Bh6 Bd7 7. Bxg7 Kxg7 8. Ne5 b5 9. a3 Nc6 10. f3 e6 11. e3 a6 12. Ne2 Nxe5 13. dxe5 Ng8 14. h4 f6 15. exf6+ Qxf6 16. c3 c6 17. Nf4 e5 18. Nd3 Rad8 19. Be2 Qe7 20. Nf2 c5 21. g4 h6 22. Qc2 e4 23. f4 d4 24. cxd4 cxd4 25. exd4 Rxf4 26. Qc7 Rdf8 27. Rh2 0-1

[Event "CZE-ch Amateurs 2022"]
[Site "Luhacovice"]
[Date "2022.03.13"]
[Round "2.3"]
[White "Kratochvil, Josef"]
[Black "Petras, Milan"]
[Result "1-0"]
[ECO "A08"]
[WhiteElo "2200"]
[BlackElo "1848"]
[Annotator "ChessBase"]
[PlyCount "51"]
[EventDate "2022.03.12"]
[EventType "swiss"]
[EventCountry "CZE"]
[SourceTitle "playchess.com"]
[Source "ChessBase"]
[SourceQuality "1"]
[TimeControl "5400+30"]

1. e4 e6 2. d3 d5 3. Nd2 c5 4. Ngf3 Nc6 5. g3 Nf6 6. Bg2 dxe4 7. dxe4 e5 8. O-O Be7 9. c3 O-O 10. Qe2 Rb8 11. Nc4 Qc7 12. Ncxe5 b5 13. Nxc6 Qxc6 14. Bf4 Rb6 15. Rfe1 Bb7 16. Rad1 Re8 17. Nh4 Qe6 18. Nf5 Bf8 19. f3 b4 20. c4 b3 21. a3 h6 22. Bd2 Nd7 23. Ba5 Ra6 24. Bc3 Nb6 25. Ne3 Na4 26. Rd3 1-0

[Event "CZE-ch Amateurs 2022"]
[Site "Luhacovice"]
[Date "2022.03.13"]
[Round "2.4"]
[White "Stary, Lukas"]
[Black "Nemec, Pavel"]
[Result "1/2-1/2"]
[ECO "D02"]
[WhiteElo "1856"]
[BlackElo "2223"]
[Annotator "RC"]
[PlyCount "63"]
[EventDate "2022.03.12"]
[EventType "swiss"]
[EventCountry "CZE"]
[SourceTitle "playchess.com"]
[Source "ChessBase"]
[SourceQuality "1"]
[TimeControl "5400+30"]

1. d4 Nf6 2. Bf4 d5 3. e3 e6 4. Nd2 Bd6 5. Bg3 O-O 6. Ngf3 c5 7. c3 b6 8. Bd3 Ba6 9. Bxa6 Nxa6 10. Qe2 Nc7 11. e4 Be7 12. e5 Nh5 13. Nf1 a5 14. Ne3 c4 15. O-O b5 16. a3 b4 17. axb4 Nxg3 18. hxg3 axb4 19. Rfb1 Qd7 20. Ne1 Nb5 21. Rxa8 Rxa8 22. Nd1 Ra2 23. Qe3 Qa7 24. Qc1 f6 25. exf6 Bxf6 26. Nc2 b3 27. Nce3 Nd6 28. Ng4 Ne4 29. Nxf6+ gxf6 30. Ne3 Qf7 31. Qe1 Qg6 32. Nf1 1/2-1/2

[Event "CZE-ch Amateurs 2022"]
[Site "Luhacovice"]
[Date "2022.03.13"]
[Round "2.5"]
[White "Vanek, Ladislav"]
[Black "Vylicil, Adam"]
[Result "1/2-1/2"]
[ECO "E20"]
[WhiteElo "2221"]
[BlackElo "1860"]
[Annotator "RC"]
[PlyCount "51"]
[EventDate "2022.03.12"]
[EventType "swiss"]
[EventCountry "CZE"]
[SourceTitle "playchess.com"]
[Source "ChessBase"]
[SourceQuality "1"]
[TimeControl "5400+30"]

1. d4 Nf6 2. c4 e6 3. Nc3 Bb4 4. f3 d5 5. a3 Be7 6. e4 dxe4 7. fxe4 c5 8. d5 exd5 9. exd5 O-O 10. Nf3 Bd6 11. Be2 Bg4 12. O-O Re8 13. Bg5 Nbd7 14. Qc2 h6 15. Bh4 Bxf3 16. Rxf3 Qb8 17. Bg3 a6 18. Raf1 Bxg3 19. Rxg3 Qd6 20. Qd2 Re7 21. Qf4 Qxf4 22. Rxf4 Rae8 23. Bg4 Nxg4 24. Rgxg4 Kf8 25. Rg3 Re1+ 26. Rf1 1/2-1/2

[Event "CZE-ch Amateurs 2022"]
[Site "Luhacovice"]
[Date "2022.03.13"]
[Round "2.7"]
[White "Dvorak, Milan"]
[Black "Cagasik, Tomas"]
[Result "1/2-1/2"]
[ECO "B12"]
[WhiteElo "1838"]
[BlackElo "2177"]
[Annotator "ChessBase"]
[PlyCount "54"]
[EventDate "2022.03.12"]
[EventType "swiss"]
[EventCountry "CZE"]
[SourceTitle "playchess.com"]
[Source "ChessBase"]
[SourceQuality "1"]
[TimeControl "5400+30"]

1. e4 c6 2. d4 d5 3. Nd2 dxe4 4. Nxe4 g6 5. Nf3 Bg7 6. c3 Nf6 7. Ng3 Nbd7 8. Bc4 Nd5 9. O-O N7b6 10. Bb3 Bg4 11. h3 Bxf3 12. Qxf3 O-O 13. Re1 Re8 14. Bg5 h6 15. Be3 e6 16. Rad1 Nxe3 17. fxe3 Qe7 18. Rf1 Rad8 19. Ne4 Rd7 20. Rf2 Rc7 21. Rdf1 Rf8 22. Qg3 Rcc8 23. Nc5 Nd5 24. e4 Nf6 25. e5 Nd5 26. Ne4 Rc7 27. Nf6+ Kh8 1/2-1/2

[Event "CZE-ch Amateurs 2022"]
[Site "Luhacovice"]
[Date "2022.03.13"]
[Round "2.8"]
[White "Lihotsky, Lukas"]
[Black "Sremanak, Slavomir"]
[Result "1/2-1/2"]
[ECO "A41"]
[WhiteElo "1775"]
[BlackElo "2187"]
[Annotator "ChessBase"]
[PlyCount "59"]
[EventDate "2022.03.12"]
[EventType "swiss"]
[EventCountry "CZE"]
[SourceTitle "playchess.com"]
[Source "ChessBase"]
[SourceQuality "1"]
[TimeControl "5400+30"]

1. d4 d6 2. Nf3 Bg4 3. c4 Nd7 4. e4 e5 5. d5 Be7 6. Be2 Bxf3 7. Bxf3 Bg5 8. Nc3 Bxc1 9. Rxc1 Ne7 10. h4 O-O 11. Bg4 Nf6 12. Be2 h6 13. Qd2 Nh7 14. Bd3 Ng6 15. g3 Qd7 16. Nd1 Nf6 17. Ne3 Ng4 18. Nf5 Ne7 19. Qe2 h5 20. f3 Nxf5 21. exf5 Nf6 22. Be4 c6 23. Kf2 cxd5 24. cxd5 Rfc8 25. b3 Rc7 26. Kg2 Rac8 27. Qd2 Qb5 28. Rxc7 Rxc7 29. Kh3 a5 30. Rb1 1/2-1/2

[Event "CZE-ch Amateurs 2022"]
[Site "Luhacovice"]
[Date "2022.03.13"]
[Round "2.9"]
[White "Novotny, Jaroslav"]
[Black "Bakalar, Jan"]
[Result "1/2-1/2"]
[ECO "A33"]
[WhiteElo "2190"]
[BlackElo "1820"]
[Annotator "NA"]
[PlyCount "66"]
[EventDate "2022.03.12"]
[EventType "swiss"]
[EventCountry "CZE"]
[SourceTitle "playchess.com"]
[Source "ChessBase"]
[SourceQuality "1"]
[TimeControl "5400+30"]

1. Nf3 c5 2. c4 Nf6 3. Nc3 e6 4. g3 Nc6 5. Bg2 Be7 6. O-O O-O 7. d4 cxd4 8. Nxd4 a6 9. b3 Qc7 10. Bb2 d6 11. Rc1 Bd7 12. Nd5 Qd8 13. Nxe7+ Qxe7 14. Qd2 Rfd8 15. Rfd1 Nxd4 16. Qxd4 Bc6 17. e4 e5 18. Qd3 Qe6 19. Rd2 Qg4 20. Qe3 Nxe4 21. f3 Qg5 22. Qxg5 Nxg5 23. Kf2 f6 24. Rcd1 Nf7 25. Ba3 Kf8 26. Bxd6+ Nxd6 27. Rxd6 Rxd6 28. Rxd6 Ke7 29. c5 Rd8 30. Rxd8 Kxd8 31. b4 Kc7 32. Ke3 Bd5 33. a3 Kc6 1/2-1/2

[Event "CZE-ch Amateurs 2022"]
[Site "Luhacovice"]
[Date "2022.03.13"]
[Round "2.10"]
[White "Kovalskyi, Roman"]
[Black "Zvolensky, David"]
[Result "0-1"]
[ECO "C54"]
[WhiteElo "1815"]
[BlackElo "2159"]
[Annotator "ChessBase"]
[PlyCount "71"]
[EventDate "2022.03.12"]
[EventType "swiss"]
[EventCountry "CZE"]
[SourceTitle "playchess.com"]
[Source "ChessBase"]
[SourceQuality "1"]
[TimeControl "5400+30"]

1. e4 e5 2. Nf3 Nc6 3. Bc4 Bc5 4. c3 Nf6 5. d3 a6 6. b4 Ba7 7. a4 d6 8. O-O h6 9. Nbd2 O-O 10. Qb3 Ne7 11. Re1 b5 12. axb5 axb5 13. Ra3 bxc4 14. Qa2 Bxf2+ 15. Kxf2 Rxa3 16. Qxa3 cxd3 17. c4 Be6 18. Qxd3 Qb8 19. Qc3 Nc6 20. Ba3 Qa7+ 21. c5 dxc5 22. bxc5 Qa4 23. h3 Rd8 24. Bb2 Nb4 25. Re3 Nd7 26. Kg1 f6 27. Kh2 Nc6 28. Qc1 Qb5 29. Ba3 Nf8 30. Nh4 Rd3 31. Qf1 Rb3 32. Rxb3 Qxf1 33. Nxf1 Bxb3 34. Ne3 Ne6 35. Nhf5 Ncd4 36. h4 0-1

[Event "CZE-ch Amateurs 2022"]
[Site "Luhacovice"]
[Date "2022.03.13"]
[Round "2.11"]
[White "Lorenc, Tomas"]
[Black "Vrzal, Filip"]
[Result "1-0"]
[ECO "A11"]
[WhiteElo "2183"]
[BlackElo "1877"]
[Annotator "ChessBase"]
[PlyCount "48"]
[EventDate "2022.03.12"]
[EventType "swiss"]
[EventCountry "CZE"]
[SourceTitle "playchess.com"]
[Source "ChessBase"]
[SourceQuality "1"]
[TimeControl "5400+30"]

1. c4 Nf6 2. g3 c6 3. Bg2 d5 4. Nf3 Bf5 5. O-O e6 6. d3 Be7 7. Qb3 Qc8 8. Nc3 Nbd7 9. Bf4 Nc5 10. Qd1 dxc4 11. dxc4 O-O 12. b4 Rd8 13. Nd4 Nce4 14. Nxf5 exf5 15. Qb3 Nxc3 16. Qxc3 Ne4 17. Bxe4 fxe4 18. Rad1 Qe6 19. Be5 f6 20. Bd4 Bd6 21. a3 Be5 22. e3 h5 23. Bxe5 fxe5 24. c5 h4 1-0

[Event "CZE-ch Amateurs 2022"]
[Site "Luhacovice"]
[Date "2022.03.13"]
[Round "2.12"]
[White "Pressler, Tobias"]
[Black "Zabystrzan, Pavel"]
[Result "1/2-1/2"]
[ECO "B13"]
[WhiteElo "1783"]
[BlackElo "2162"]
[Annotator "NA"]
[PlyCount "61"]
[EventDate "2022.03.12"]
[EventType "swiss"]
[EventCountry "CZE"]
[SourceTitle "playchess.com"]
[Source "ChessBase"]
[SourceQuality "1"]
[TimeControl "5400+30"]

1. e4 c6 2. d4 d5 3. exd5 cxd5 4. Bd3 Nc6 5. c3 Qc7 6. Nf3 Bg4 7. h3 Bh5 8. O-O e6 9. Nbd2 Nf6 10. Re1 Bd6 11. Nf1 Bg6 12. Bg5 O-O 13. Bh4 a6 14. Bg3 b5 15. Bxd6 Qxd6 16. Ne5 Bxd3 17. Qxd3 Rfc8 18. f4 Ne4 19. Nd2 f5 20. Rac1 Rab8 21. Ndf3 b4 22. Nxc6 Qxc6 23. Ne5 Qc7 24. Qxa6 Rb6 25. Qd3 bxc3 26. bxc3 Rb2 27. Qa6 Rb6 28. Qd3 Qa7 29. Rc2 Qa3 30. Rec1 Rb2 31. c4 1/2-1/2

[Event "CZE-ch Amateurs 2022"]
[Site "Luhacovice"]
[Date "2022.03.13"]
[Round "2.13"]
[White "Buchcar, Tomas"]
[Black "Volny, Patrik"]
[Result "1-0"]
[ECO "A30"]
[WhiteElo "2121"]
[BlackElo "1798"]
[Annotator "NA"]
[PlyCount "95"]
[EventDate "2022.03.12"]
[EventType "swiss"]
[EventCountry "CZE"]
[SourceTitle "playchess.com"]
[Source "ChessBase"]
[SourceQuality "1"]
[TimeControl "5400+30"]

1. Nf3 Nf6 2. c4 g6 3. b3 c5 4. e3 Bg7 5. Bb2 b6 6. Be2 Bb7 7. O-O O-O 8. d3 Na6 9. a3 d6 10. Nbd2 h6 11. Qc2 Qd7 12. Rfd1 Rfc8 13. Rab1 b5 14. Ne4 bxc4 15. Nxf6+ Bxf6 16. Bxf6 cxd3 17. Qxd3 exf6 18. Qxd6 Qc6 19. Qxc6 Rxc6 20. Bc4 Rb6 21. Rd7 Rf8 22. Rxb7 Rxb7 23. Bxa6 Rb6 24. Bc4 Rd8 25. Kf1 a5 26. a4 Kf8 27. Ke2 Rbd6 28. Rb2 Ke7 29. Rd2 Rxd2+ 30. Nxd2 f5 31. Nf3 Kf6 32. Ne1 g5 33. Nd3 Rc8 34. f4 Ke7 35. Ne5 gxf4 36. exf4 Rg8 37. g3 Rg7 38. Bd3 Ke6 39. Nc6 h5 40. Nxa5 h4 41. Kf3 hxg3 42. hxg3 f6 43. Bb5 Kd5 44. Nc4 Kd4 45. Nd6 Kc3 46. Nxf5 Ra7 47. Bc4 Kb4 48. Ne3 1-0

[Event "CZE-ch Amateurs 2022"]
[Site "Luhacovice"]
[Date "2022.03.13"]
[Round "2.14"]
[White "Svacina, Tobias"]
[Black "Bures, Vit"]
[Result "1-0"]
[ECO "C51"]
[WhiteElo "1749"]
[BlackElo "2121"]
[Annotator "NA"]
[PlyCount "57"]
[EventDate "2022.03.12"]
[EventType "swiss"]
[EventCountry "CZE"]
[SourceTitle "playchess.com"]
[Source "ChessBase"]
[SourceQuality "1"]
[TimeControl "5400+30"]

1. e4 e5 2. Nf3 Nc6 3. Bc4 Bc5 4. b4 Bxb4 5. c3 Be7 6. d4 Na5 7. Bd3 d6 8. dxe5 dxe5 9. Nxe5 Nf6 10. O-O O-O 11. Qc2 Be6 12. Nd2 c5 13. f4 Qc7 14. Ndf3 c4 15. Be2 Ng4 16. Nxg4 Bxg4 17. Nd4 Bxe2 18. Qxe2 Rfe8 19. Kh1 Rad8 20. f5 Bf6 21. Bf4 Be5 22. Bxe5 Qxe5 23. f6 Qxe4 24. Qh5 Nc6 25. Nf5 Ne5 26. Rae1 Qg4 27. Rxe5 Qxh5 28. Ne7+ Rxe7 29. fxe7 1-0

[Event "CZE-ch Amateurs 2022"]
[Site "Luhacovice"]
[Date "2022.03.13"]
[Round "2.15"]
[White "Pilch, Roman"]
[Black "Molnar, Ladislav"]
[Result "1-0"]
[ECO "D33"]
[WhiteElo "2136"]
[BlackElo "1775"]
[Annotator "ChessBase"]
[PlyCount "73"]
[EventDate "2022.03.12"]
[EventType "swiss"]
[EventCountry "CZE"]
[SourceTitle "playchess.com"]
[Source "ChessBase"]
[SourceQuality "1"]
[TimeControl "5400+30"]

1. Nf3 Nf6 2. c4 c5 3. g3 e6 4. Bg2 Nc6 5. O-O d5 6. cxd5 exd5 7. d4 Be6 8. Nc3 c4 9. Ng5 Bb4 10. a3 Bxc3 11. bxc3 O-O 12. f3 h6 13. Nxe6 fxe6 14. Rb1 Na5 15. e4 Nb3 16. Qc2 a5 17. e5 Nh7 18. Qg6 Qe8 19. Qxe8 Raxe8 20. f4 Rd8 21. Bh3 Kf7 22. a4 g6 23. Rf2 h5 24. Bg2 Rh8 25. Ba3 Nf8 26. Bf3 Nd7 27. Bd1 Rc8 28. Bd6 Rc6 29. Kg2 Rhc8 30. Kh3 Nb6 31. Bxb3 cxb3 32. Rxb3 Nxa4 33. Rxb7+ Kg8 34. Ra2 Nxc3 35. Rxa5 Ne4 36. Raa7 Nxd6 37. exd6 1-0

[Event "CZE-ch Amateurs 2022"]
[Site "Luhacovice"]
[Date "2022.03.13"]
[Round "2.16"]
[White "Travnicek, Jaroslav"]
[Black "Toman, Jan"]
[Result "0-1"]
[ECO "B22"]
[WhiteElo "1748"]
[BlackElo "2127"]
[Annotator "ChessBase"]
[PlyCount "56"]
[EventDate "2022.03.12"]
[EventType "swiss"]
[EventCountry "CZE"]
[SourceTitle "playchess.com"]
[Source "ChessBase"]
[SourceQuality "1"]
[TimeControl "5400+30"]

1. e4 e6 2. d4 d5 3. exd5 exd5 4. Nf3 Nf6 5. Bd3 c5 6. c3 c4 7. Bc2 Bg4 8. h3 Bh5 9. Bg5 Be7 10. O-O O-O 11. Re1 Nbd7 12. Nbd2 Re8 13. Nf1 Ne4 14. Bxe7 Rxe7 15. Ng3 Nxg3 16. fxg3 Nf6 17. Rxe7 Qxe7 18. g4 Bg6 19. Bxg6 hxg6 20. Qe1 Qc7 21. Nd2 b5 22. a3 a5 23. Qf1 Rb8 24. Qf3 Qd6 25. Rf1 Rb7 26. Qf4 Qxf4 27. Rxf4 b4 28. axb4 axb4 0-1

[Event "CZE-ch Amateurs 2022"]
[Site "Luhacovice"]
[Date "2022.03.13"]
[Round "2.17"]
[White "Gabriel, Adam"]
[Black "Fishchuk, Vladyslav"]
[Result "1/2-1/2"]
[ECO "D00"]
[WhiteElo "2097"]
[BlackElo "1657"]
[Annotator "ChessBase"]
[PlyCount "64"]
[EventDate "2022.03.12"]
[EventType "swiss"]
[EventCountry "CZE"]
[SourceTitle "playchess.com"]
[Source "ChessBase"]
[SourceQuality "1"]
[TimeControl "5400+30"]

1. d4 Nf6 2. Bg5 d5 3. Nd2 c5 4. dxc5 e6 5. e3 Bxc5 6. Ngf3 Nc6 7. a3 h6 8. Bh4 e5 9. b4 Bd6 10. c4 Be6 11. cxd5 Bxd5 12. Bc4 Bc7 13. Bxf6 gxf6 14. Qb3 Bxc4 15. Nxc4 e4 16. Rd1 Qe7 17. Nd4 Nxd4 18. Rxd4 Rd8 19. Qa4+ Kf8 20. Qxa7 Kg7 21. Qc5 Qxc5 22. bxc5 Rxd4 23. exd4 Rd8 24. Ne3 Kg6 25. Ke2 Rxd4 26. Rb1 Bf4 27. Rxb7 Bxe3 28. Kxe3 Rc4 29. Rb2 f5 30. Kf4 Rxc5 31. a4 Ra5 32. Ra2 Kf6 1/2-1/2

[Event "CZE-ch Amateurs 2022"]
[Site "Luhacovice"]
[Date "2022.03.13"]
[Round "2.18"]
[White "Lavrincik, Pavel"]
[Black "Cupek, Martin"]
[Result "0-1"]
[ECO "A10"]
[WhiteElo "1737"]
[BlackElo "2108"]
[Annotator "ChessBase"]
[PlyCount "56"]
[EventDate "2022.03.12"]
[EventType "swiss"]
[EventCountry "CZE"]
[SourceTitle "playchess.com"]
[Source "ChessBase"]
[SourceQuality "1"]
[TimeControl "5400+30"]

1. c4 d6 2. Nc3 a5 3. e4 e5 4. d3 g6 5. g3 Nh6 6. Bg2 Bg7 7. Nge2 O-O 8. O-O c6 9. h3 f5 10. f4 Nd7 11. Kh2 Nf6 12. d4 Nf7 13. Be3 fxe4 14. Nxe4 Nxe4 15. Bxe4 d5 16. cxd5 cxd5 17. Bg2 e4 18. Nc3 Qd6 19. Qb3 Rd8 20. Rac1 Bd7 21. Nb5 a4 22. Nxd6 axb3 23. Nxf7 Kxf7 24. axb3 Ra6 25. Rc7 Rb6 26. f5 Ke8 27. Bg5 Bxd4 28. fxg6 hxg6 0-1

[Event "CZE-ch Amateurs 2022"]
[Site "Luhacovice"]
[Date "2022.03.13"]
[Round "2.19"]
[White "Urban, Zdenek"]
[Black "Bednar, Milos"]
[Result "1-0"]
[ECO "A36"]
[WhiteElo "2093"]
[BlackElo "1715"]
[Annotator "ChessBase"]
[PlyCount "70"]
[EventDate "2022.03.12"]
[EventType "swiss"]
[EventCountry "CZE"]
[SourceTitle "playchess.com"]
[Source "ChessBase"]
[SourceQuality "1"]
[TimeControl "5400+30"]

1. c4 c5 2. Nc3 Nc6 3. g3 g6 4. Bg2 Bg7 5. e4 e5 6. d3 d6 7. Nge2 Bg4 8. f3 Be6 9. O-O Nge7 10. Nd5 O-O 11. Be3 Nd4 12. Nxd4 cxd4 13. Bd2 Nxd5 14. cxd5 Bd7 15. Qb3 b5 16. Qa3 Bc8 17. Ba5 Qg5 18. f4 exf4 19. gxf4 Qe7 20. Bb4 Rd8 21. e5 Bf5 22. Bxd6 Rxd6 23. Qxd6 Qxd6 24. exd6 Bxd3 25. d7 Rd8 26. Rfe1 Kf8 27. Rac1 Bf5 28. Rc8 Rxc8 29. dxc8=Q+ Bxc8 30. d6 Be6 31. b3 Bf6 32. Bc6 a6 33. Kg2 d3 34. Rd1 Bf5 35. Kf3 Bc3 1-0

[Event "CZE-ch Amateurs 2022"]
[Site "Luhacovice"]
[Date "2022.03.13"]
[Round "2.20"]
[White "Horvath, Tomas"]
[Black "Zemkova, Klara"]
[Result "1/2-1/2"]
[ECO "C32"]
[WhiteElo "2079"]
[BlackElo "1724"]
[Annotator "ChessBase"]
[PlyCount "57"]
[EventDate "2022.03.12"]
[EventType "swiss"]
[EventCountry "CZE"]
[SourceTitle "playchess.com"]
[Source "ChessBase"]
[SourceQuality "1"]
[TimeControl "5400+30"]

1. e4 e5 2. f4 d5 3. exd5 e4 4. d3 Nf6 5. dxe4 Nxe4 6. Nf3 Bc5 7. Qe2 Qe7 8. Be3 Nd7 9. Bxc5 Ndxc5 10. Nbd2 Bf5 11. O-O-O O-O-O 12. Nxe4 Nxe4 13. Qe3 Kb8 14. Bc4 Rhe8 15. Rhe1 Qb4 16. Qb3 Qd6 17. Ne5 Nc5 18. Qf3 Re7 19. g4 f6 20. Nc6+ bxc6 21. Rxe7 Bxg4 22. Qxg4 Qxe7 23. dxc6 Rd6 24. Rxd6 cxd6 25. Be2 Qe3+ 26. Kb1 f5 27. Qg2 g6 28. a3 Qxf4 29. Qd5 1/2-1/2

[Event "CZE-ch Amateurs 2022"]
[Site "Luhacovice"]
[Date "2022.03.14"]
[Round "3.1"]
[White "Taus, Martin"]
[Black "Jedlicka, Ales"]
[Result "0-1"]
[ECO "E03"]
[WhiteElo "2017"]
[BlackElo "2223"]
[Annotator "ChessBase"]
[PlyCount "29"]
[EventDate "2022.03.12"]
[EventType "swiss"]
[EventCountry "CZE"]
[SourceTitle "playchess.com"]
[Source "ChessBase"]
[SourceQuality "1"]
[TimeControl "5400+30"]

1. Nf3 d5 2. c4 e6 3. g3 Nf6 4. Bg2 dxc4 5. Qa4+ Nbd7 6. Qxc4 a6 7. d4 b5 8. Qc2 Bb7 9. O-O c5 10. Rd1 Rc8 11. Qd3 c4 12. Qd2 Bd6 13. Nc3 b4 14. Na4 Qa5 15. Nc5 0-1

[Event "CZE-ch Amateurs 2022"]
[Site "Luhacovice"]
[Date "2022.03.14"]
[Round "3.2"]
[White "Jun, Rudolf"]
[Black "Bokhnak, Timofey"]
[Result "1/2-1/2"]
[ECO "A13"]
[WhiteElo "2215"]
[BlackElo "1978"]
[Annotator "ChessBase"]
[PlyCount "79"]
[EventDate "2022.03.12"]
[EventType "swiss"]
[EventCountry "CZE"]
[SourceTitle "playchess.com"]
[Source "ChessBase"]
[SourceQuality "1"]
[TimeControl "5400+30"]

1. b3 d5 2. Bb2 Nf6 3. e3 e6 4. Nf3 c5 5. c4 b6 6. Nc3 dxc4 7. bxc4 Bb7 8. d4 cxd4 9. exd4 Bb4 10. Be2 Ne4 11. Rc1 O-O 12. O-O Nxc3 13. Bxc3 Bxc3 14. Rxc3 Qf6 15. Ne5 Rd8 16. Bf3 Qe7 17. Bxb7 Qxb7 18. Qg4 Nc6 19. Rg3 g6 20. Qf3 Rac8 21. Ng4 f5 22. Nf6+ Kg7 23. Nh5+ Kf7 24. d5 exd5 25. Qf4 Qe7 26. Qh6 Kg8 27. Nf4 Nd4 28. Kh1 Rd6 29. Nxd5 Qf7 30. Re3 Re6 31. Rxe6 Nxe6 32. Qc1 b5 33. Re1 Rxc4 34. Qb2 Re4 35. Rxe4 fxe4 36. Nf6+ Kf8 37. Nxe4 Qg7 38. Qc1 Qe5 39. f3 Kg7 40. h3 1/2-1/2

[Event "CZE-ch Amateurs 2022"]
[Site "Luhacovice"]
[Date "2022.03.14"]
[Round "3.3"]
[White "Hurtak, Otto"]
[Black "Kratochvil, Josef"]
[Result "0-1"]
[ECO "B22"]
[WhiteElo "1972"]
[BlackElo "2200"]
[Annotator "ChessBase"]
[PlyCount "109"]
[EventDate "2022.03.12"]
[EventType "swiss"]
[EventCountry "CZE"]
[SourceTitle "playchess.com"]
[Source "ChessBase"]
[SourceQuality "1"]
[TimeControl "5400+30"]

1. e4 c5 2. d4 cxd4 3. c3 d6 4. cxd4 Nf6 5. Nc3 g6 6. Nf3 Bg7 7. Be2 O-O 8. O-O Nc6 9. h3 d5 10. exd5 Nb4 11. Qb3 Nbxd5 12. Re1 b6 13. Ne5 Nxc3 14. bxc3 Bb7 15. Bf3 Bxf3 16. Nxf3 Rc8 17. Ba3 Re8 18. Rad1 e6 19. c4 Qc7 20. c5 Nd5 21. Rc1 Qb7 22. Ne5 b5 23. Bb2 Red8 24. Qf3 Qe7 25. Rcd1 a5 26. Bc1 b4 27. Nc4 Nc3 28. Nd6 Rxd6 29. cxd6 Qxd6 30. Bf4 Qb6 31. Rc1 Bxd4 32. Be3 Bxe3 33. fxe3 Rc5 34. Rc2 Kg7 35. g4 Qc6 36. Qxc6 Rxc6 37. Kg2 a4 38. Rec1 a3 39. Rf1 e5 40. e4 Rd6 41. Rf3 f6 42. Re3 Rd1 43. h4 h5 44. gxh5 gxh5 45. Kg3 Ra1 46. Kh3 Kf7 47. Rd2 Rxa2 48. Rd7+ Ke6 49. Rb7 Rb2 50. Rd3 Nxe4 51. Re7+ Kxe7 52. Rd7+ Ke6 53. Re7+ Kd5 54. Rxe5+ Kc4 55. Rc5+ 0-1

[Event "CZE-ch Amateurs 2022"]
[Site "Luhacovice"]
[Date "2022.03.14"]
[Round "3.4"]
[White "Mudrak, Josef"]
[Black "Jiruse, Josef"]
[Result "1-0"]
[ECO "E18"]
[WhiteElo "2219"]
[BlackElo "1957"]
[Annotator "ChessBase"]
[PlyCount "49"]
[EventDate "2022.03.12"]
[EventType "swiss"]
[EventCountry "CZE"]
[SourceTitle "playchess.com"]
[Source "ChessBase"]
[SourceQuality "1"]
[TimeControl "5400+30"]

1. d4 Nf6 2. Nf3 e6 3. c4 d5 4. g3 Be7 5. Bg2 O-O 6. O-O b6 7. cxd5 exd5 8. Nc3 Bb7 9. Bf4 Nbd7 10. Rc1 c5 11. dxc5 bxc5 12. Nh4 Nh5 13. Nf5 Nxf4 14. gxf4 Nb6 15. Nxd5 Bxd5 16. Bxd5 Nxd5 17. Qxd5 Bf6 18. Qxd8 Rfxd8 19. Rc2 g6 20. Ng3 Rd4 21. Rxc5 Rxf4 22. b3 h5 23. Rfc1 h4 24. e3 Rb4 25. Ne2 1-0

[Event "CZE-ch Amateurs 2022"]
[Site "Luhacovice"]
[Date "2022.03.14"]
[Round "3.5"]
[White "Zvolensky, David"]
[Black "Matejovsky, Ondrej"]
[Result "1-0"]
[ECO "E17"]
[WhiteElo "2159"]
[BlackElo "1939"]
[Annotator "ChessBase"]
[PlyCount "69"]
[EventDate "2022.03.12"]
[EventType "swiss"]
[EventCountry "CZE"]
[SourceTitle "playchess.com"]
[Source "ChessBase"]
[SourceQuality "1"]
[TimeControl "5400+30"]

1. d4 d5 2. c4 e6 3. Nf3 Nf6 4. g3 Be7 5. Bg2 O-O 6. O-O b6 7. cxd5 exd5 8. Qc2 Bb7 9. Ne5 c5 10. Be3 Nbd7 11. Nxd7 Nxd7 12. Rd1 c4 13. b3 Rc8 14. Nc3 Nf6 15. Bg5 Qd7 16. a4 h6 17. Bxf6 Bxf6 18. e3 Be7 19. Rdc1 Bb4 20. Ne2 a5 21. Qa2 Ba6 22. Nf4 cxb3 23. Qxb3 Rxc1+ 24. Rxc1 Bc4 25. Qd1 b5 26. axb5 Qxb5 27. Qh5 g5 28. Rxc4 dxc4 29. Be4 Qb6 30. Nd5 Qe6 31. h4 f5 32. Nc7 Qxe4 33. Qg6+ Kh8 34. Qxh6+ Kg8 35. Ne6 1-0

[Event "CZE-ch Amateurs 2022"]
[Site "Luhacovice"]
[Date "2022.03.14"]
[Round "3.6"]
[White "Stastny, Jakub"]
[Black "Lorenc, Tomas"]
[Result "0-1"]
[ECO "A57"]
[WhiteElo "1945"]
[BlackElo "2183"]
[Annotator "ChessBase"]
[PlyCount "76"]
[EventDate "2022.03.12"]
[EventType "swiss"]
[EventCountry "CZE"]
[SourceTitle "playchess.com"]
[Source "ChessBase"]
[SourceQuality "1"]
[TimeControl "5400+30"]

1. d4 Nf6 2. c4 c5 3. d5 b5 4. cxb5 a6 5. b6 e6 6. Nc3 Nxd5 7. Nxd5 exd5 8. Qxd5 Nc6 9. Nf3 Be7 10. Ne5 O-O 11. Nxc6 dxc6 12. Qxc6 Rb8 13. Qc7 Rxb6 14. Qxd8 Rxd8 15. e4 Rb4 16. f3 Bf6 17. Rb1 Bc3+ 18. Kf2 Rd1 19. g3 Be6 20. Bg2 Rxh1 21. Bxh1 Bxa2 22. Ra1 Bd4+ 23. Ke1 Bc4 24. Bg2 Bxb2 25. Bxb2 Rxb2 26. Bf1 Bxf1 27. Kxf1 Rxh2 28. Rxa6 g6 29. Rc6 Rc2 30. e5 Kf8 31. e6 fxe6 32. Rxe6 Kf7 33. Rc6 h5 34. f4 c4 35. Kg1 c3 36. Kh1 Ke7 37. Rxg6 Rd2 38. Rc6 c2 0-1

[Event "CZE-ch Amateurs 2022"]
[Site "Luhacovice"]
[Date "2022.03.14"]
[Round "3.7"]
[White "Benes, Miroslav"]
[Black "Buchcar, Tomas"]
[Result "1/2-1/2"]
[ECO "B15"]
[WhiteElo "1929"]
[BlackElo "2121"]
[Annotator "NA"]
[PlyCount "86"]
[EventDate "2022.03.12"]
[EventType "swiss"]
[EventCountry "CZE"]
[SourceTitle "playchess.com"]
[Source "ChessBase"]
[SourceQuality "1"]
[TimeControl "5400+30"]

1. e4 c6 2. d4 d5 3. f3 g6 4. Nc3 Bg7 5. e5 Bf5 6. g4 Be6 7. Bg2 h5 8. h3 Na6 9. Bf4 Qd7 10. Nge2 O-O-O 11. Qd2 hxg4 12. fxg4 f6 13. exf6 exf6 14. O-O-O Bf8 15. Rhe1 Bd6 16. Bxd6 Qxd6 17. Nf4 Bf7 18. Re2 Nc7 19. Rde1 Re8 20. Rxe8+ Bxe8 21. Qe3 Rh7 22. Qf2 g5 23. Nd3 Bg6 24. Nc5 b6 25. Nb3 Ne6 26. Ne2 Re7 27. Rf1 Kd7 28. Kb1 Rf7 29. Qe1 f5 30. gxf5 Rxf5 31. Bf3 Nh6 32. Nbc1 $15 Nf4 33. Bg4 Nxg4 34. hxg4 Rf8 35. Qd2 Nxe2 36. Rxf8 Qxf8 37. Qxe2 Qf4 38. Qa6 Qxd4 39. Qxa7+ Ke6 40. Qb7 Qc5 41. Qc8+ Kf7 42. Qc7+ Kg8 43. Qb8+ Kf7 1/2-1/2